 Dungeon Crawl Stone Soup version 0.30.0-29-ga12c61a403 (webtiles) character file.

Game seed: 11326693807787952366

43 booth the Conjurer (level 3, 0/28 HPs)
             Began as a Demonspawn Reaver on June 15, 2023.
             Slain by a sleepcap (7 damage)
             ... on level 2 of the Dungeon on June 16, 2023.
             The game lasted 00:08:08 (1233 turns).

booth the Conjurer (Demonspawn Reaver)              Turns: 1233, Time: 00:08:09

Health: 0/28       AC:  3    Str: 14    XL:     3   Next: 37%
Magic:  6/6        EV: 11    Int: 14    God:
Gold:   73         SH:  0    Dex: 11    Spells: 3/6 levels left

rFire   . . .        a - +0 hand axe
rCold   . . .        (no shield)
rNeg    . . .        b - +0 leather armour
rPois   .            (no helmet)
rElec   .            (no cloak)
rCorr   .            (no gloves)
SInv    .            (no boots)
Will    .....        (no amulet)
Stlth   +            (no ring)
HPRegen 0.24/turn    (no ring)
MPRegen 0.10/turn

%: no passive effects
@: no status effects
A: weakness stinger 2
a: no special abilities


You were on level 2 of the Dungeon.
You visited 1 branch of the dungeon, and saw 2 of its levels.

You collected 73 gold pieces.

Inventory:

Hand Weapons
 a - a +0 hand axe (weapon)
Missiles
 e - 6 poisoned darts (quivered)
Armour
 b - a +0 leather armour (worn)
Scrolls
 f - a scroll of fog
 g - a scroll of teleportation {unknown}
Potions
 c - 2 potions of curing
 d - a potion of attraction {unknown}


   Skills:
 + Level 2.4 Fighting
 + Level 3.0 Axes
 + Level 2.2 Dodging
 + Level 2.3 Spellcasting
 + Level 3.3 Conjurations


You had 3 spell levels left.
You knew the following spells:

 Your Spells              Type           Power      Damage    Failure   Level
a - Kiss of Death         Conj/Necr      24%        2d7       14%         1
b - Momentum Strike       Conj/Tloc      12%        3d8       22%         2

Your spell library contained the following spells:

 Spells                   Type           Power      Damage    Failure   Level
 Hailstorm                Conj/Ice       6%         3d4       41%         3
 Confusing Touch          Hex            1%         N/A       65%         3
 Dispel Undead            Necr           1%         3d6       96%         4


Dungeon Overview and Level Annotations

Branches:
Dungeon (2/15)

Altars:


Innate Abilities, Weirdness & Mutations

You have a tail ending in a sharp stinger.


Message History

You are engulfed in a cloud of soporific spores!
You fall asleep.
The sleepcap releases spores at you.
You wake up.
You are engulfed in a cloud of soporific spores!
You are unaffected.
You hit the sleepcap. You tail-slap the sleepcap.
The sleepcap is lightly damaged.
The sleepcap barely misses you.
You hit the sleepcap but do no damage. You tail-slap the sleepcap.
The sleepcap is moderately damaged.
The sleepcap releases spores at you!
The sleepcap releases spores at you but does no damage.
You hit the sleepcap.
The sleepcap is moderately damaged.
The sleepcap misses you.
You hit the sleepcap. You tail-slap the sleepcap!
The sleepcap is severely damaged.
The sleepcap misses you.
You hit the sleepcap but do no damage.
You tail-slap the sleepcap, but do no damage.
The sleepcap is severely damaged.
The sleepcap closely misses you.
You hit the sleepcap but do no damage.
The sleepcap is severely damaged.
The sleepcap barely misses you.
You hit the sleepcap but do no damage.
The sleepcap is severely damaged.
The sleepcap misses you.
You hit the sleepcap.
The sleepcap is severely damaged.
The sleepcap releases spores at you.
You hit the sleepcap but do no damage.
The sleepcap is severely damaged.
The sleepcap releases spores at you but does no damage.
The sleepcap releases spores at you.
* * * LOW HITPOINT WARNING * * *
You completely miss the sleepcap.
The sleepcap is severely damaged.
The sleepcap releases spores at you!
You die...

#.# #.# #.#
#.########+#
#...........
#...........
#...........
#...<.......
###†.f@.......
#..†########..
#.##....... #.
....... #
.......
.......
.......
.......
.......


You could see a sleepcap.

Vanquished Creatures
  2 dart slugs (D:1)
  A ball python (D:2)
  A bat (D:1)
  3 endoplasms (D:1)
  2 giant cockroaches (D:1)
  4 goblins (D:1)
  7 hobgoblins
  3 kobolds (D:1)
  6 quokkas (D:1)
29 creatures vanquished.

Notes
Turn   | Place    | Note
-------+----------+-------------------------------------------
     0 | D:1      | booth the Demonspawn Reaver began the quest for the Orb.
     0 | D:1      | Reached XP level 1. HP: 16/16 MP: 3/3
   108 | D:1      | Gained mutation: You have a small tail. [demonic ancestry]
   108 | D:1      | Reached XP level 2. HP: 22/22 MP: 5/5
   117 | D:1      | Learned a level 2 spell: Momentum Strike
   526 | D:1      | Gained mutation: You have a tail ending in a sharp stinger.
                  | [demonic ancestry]
   526 | D:1      | Reached XP level 3. HP: 17/28 MP: 6/6
  1233 | D:2      | Slain by a sleepcap

Illustrated notes

Levels and vault maps discovered:
D:1:      lightli_arrival_isolated_outpost, layout_basic, minmay_tetromino_i4
D:2:      layout_basic

Skill      XL: |  1  2  3 |
---------------+----------+-----
Dodging        | 2 |  2.2
Axes           | 3 |  3.0
Fighting       | |  2.4
Spellcasting   | |  2.3
Conjurations   | |  3.3

Action                     || total
---------------------------++-------
  Melee: Hand axe          ||   110
         Tailslap          ||    19
    Use: Scroll            ||     2
 Armour: Leather armour    ||    18
  Dodge: Dodged            ||    72
